 Dungeon Crawl Stone Soup version 0.31-a0-66-ge618eeaa78 (webtiles) character file.

Game seed: 15999753710830048842

110 Jeffwins the Sneak (level 4, -5/28 HPs)
             Began as an Octopode Air Elementalist on May 22, 2023.
             Slain by a cerulean imp
             ... wielding a +1 spear
             ... summoned by Natasha
              (6 damage)
             ... on level 2 of the Dungeon.
             The game lasted 00:02:35 (1293 turns).

Jeffwins the Sneak (Octopode Air Elementalist)      Turns: 1293, Time: 00:02:35

Health: -5/28      AC:  1    Str:  7    XL:     4   Next: 91%
Magic:  3/7        EV: 13    Int: 19    God:
Gold:   140        SH:  0    Dex: 12    Spells: 1/8 levels left

rFire   . . .        f - +2 dagger (vamp)
rCold   . . .        (no shield)
rNeg    . . .        (helmet restricted)
rPois   .            (no amulet)
rElec   .            (no ring)
rCorr   .            (no ring)
SInv    .            (no ring)
Will    .....        (no ring)
Stlth   +++          (no ring)
HPRegen 0.24/turn    (no ring)
MPRegen 0.10/turn    (no ring)
                     (no ring)

%: no passive effects
@: no status effects
A: almost no armour, amphibious, 8 rings, camouflage 1, gelatinous body 1,
(nimble swimmer 1), tentacles
a: no special abilities


You were on level 2 of the Dungeon.
You visited 1 branch of the dungeon, and saw 2 of its levels.

You collected 140 gold pieces.


Innate Abilities, Weirdness & Mutations

You cannot wear most types of armour.
You are amphibious.
You can wear up to eight rings at the same time.
Your skin changes colour to match your surroundings (Stealth+).
Your rubbery body absorbs attacks. (AC +1, EV +1)
((You are camouflaged when in or above water. (Stealth+)))
You have tentacles for arms and can constrict up to eight enemies at once.


   Skills:
 + Level 1.1 Fighting
 + Level 2.4 Dodging
 + Level 3.6 Stealth
 * Level 2.6 Spellcasting
 * Level 2.2 Conjurations
 * Level 3.6 Air Magic


You had one spell level left.
You knew the following spells:

 Your Spells              Type           Power      Damage    Failure   Level
k - Airstrike             Air            8%         2d(2-18)  34%         4
x - Static Discharge      Conj/Air       24%        2-3/arc   9%          2
z - Shock                 Conj/Air       48%        1d6       5%          1

Your spell library contained the following spells:

 Spells                   Type           Power      Damage    Failure   Level
 Swiftness                Air            16%        N/A       11%         3
 Vhi's Electric Charge    Tloc/Air       16%        N/A       26%         3
 Arcjolt                  Conj/Air       6%         1d16      83%         5
 Maxwell's Capacitive Co  Air            8%         ∞         100%        8

Inventory:

Hand Weapons
 f - a +2 vampiric dagger (weapon)
Scrolls
 e - a scroll of identify {unknown}
Potions
 a - a potion of magic
 b - a potion of haste {unknown}
 c - a potion of degeneration {unknown}
 d - 3 potions of curing {unknown}
 g - a potion of resistance {unknown}

Dungeon Overview and Level Annotations

Branches:
Dungeon (2/15)

Altars:

Annotations:
D:2 Natasha

##...### #......# #... ###...###
#......# #... #####...#
#......####...
########.......##########...##...
......#######......#.........#...
#####.#######).....#.............
.####...........5..#.............
...###...........h5#.............
#...##.....÷....@..#.............
...###.............#.............
.### #.........#####.............
## ##.........# #.....>.......
.####..........# ######........
...##..........# ############....
#...#..........###.........##...†
...###........÷+.........#.##.##.
.### #.........###.#####.#.##. #.


You could see Natasha and 2 cerulean imps.


Message History

You constrict Natasha, but do no damage.
Natasha barely misses you. The cerulean imp misses you.
The cerulean imp barely misses you.
Unknown command.
Casting: Static Discharge (safe; 9% risk of failure)
Confirm with . or Enter, or press ? or * to list all spells.
Natasha is struck by an arc of lightning.
Natasha is moderately wounded.
The cerulean imp is struck by an arc of lightning.
The cerulean imp resists.
The cerulean imp is lightly wounded.
The lightning grounds out.
You constrict Natasha, but do no damage.
Natasha stares at you and mumbles some strange words.
The magic dart hits you.
The cerulean imp hits you from afar with a +1 spear. x2
* * * LOW HITPOINT WARNING * * *
Casting: Static Discharge (safe; 9% risk of failure)
Confirm with . or Enter, or press ? or * to list all spells.
Natasha is struck by an arc of lightning.
Natasha is heavily wounded.
The cerulean imp is struck by an arc of lightning.
The cerulean imp completely resists.
You constrict Natasha, but do no damage.
Natasha claws you!
* * * LOW HITPOINT WARNING * * *
The cerulean imp hits you from afar with a +1 spear.
* * * LOW HITPOINT WARNING * * *
The cerulean imp hits you from afar with a +1 spear.
You die...

Skill      XL: |  1  2  3  4 |
---------------+-------------+-----
Stealth        | 3 |  3.6
Fighting       | 1 |  1.1
Conjurations   | 2 |  2.2
Dodging        | |  2.4
Spellcasting   | |  2.6
Air Magic      | |  3.6

Action                     |  1- 3 |  4- 6 || total
---------------------------+-------+-------++-------
  Melee: Dagger            |    66 |    39 ||   105
         Constrict         |    19 |     8 ||    27
         Tentacles         |    18 |     6 ||    24
   Cast: Shock             |     2 |     2 ||     4
         Static Discharge  |     5 |     4 ||     9
   Stab: Sleeping          |     7 |     2 ||     9
 Armour: Skin              |     8 |     2 ||    10
  Dodge: Dodged            |    52 |    23 ||    75

Levels and vault maps discovered:
D:1:      dreamdust_arrival_sigmund_warning, layout_basic
D:2:      wander_river, layout_basic, serial_curves, eino_curves_03,
          eino_curves_01, eino_curves_03, nicolae_ecumenical_pavilion,
          uniq_natasha

Notes
Turn   | Place    | Note
-------+----------+-------------------------------------------
     0 | D:1      | Jeffwins the Octopode Air Elementalist began the quest for
                  | the Orb.
     0 | D:1      | Reached XP level 1. HP: 11/11 MP: 3/3
   168 | D:1      | Reached XP level 2. HP: 17/17 MP: 5/5
   206 | D:1      | Reached skill level 3 in Stealth
   457 | D:1      | Reached XP level 3. HP: 19/22 MP: 6/6
   507 | D:1      | Learned a level 2 spell: Static Discharge
   785 | D:2      | Found a faded altar of an unknown god.
   812 | D:2      | Noticed Natasha
   818 | D:2      | Killed Natasha
   819 | D:2      | Reached skill level 1 in Fighting
   819 | D:2      | Reached XP level 4. HP: 11/28 MP: 0/7
   950 | D:2      | Reached skill level 2 in Conjurations
  1195 | D:2      | Learned a level 4 spell: Airstrike
  1200 | D:2      | Noticed Natasha
  1208 | D:2      | Killed Natasha
  1282 | D:2      | Noticed Natasha
  1293 | D:2      | HP: 1/28 [cerulean imp/+1 spear[Natasha] (4)]
  1293 | D:2      | Slain by a cerulean imp

Vanquished Creatures
  Natasha (twice) (D:2)
  2 worms (D:2)
  2 dart slugs (D:1)
  5 endoplasms
  6 goblins
  5 hobgoblins
  2 jackals (D:1)
  3 quokkas (D:1)
  4 ball pythons
  11 bats
  2 frilled lizards
  2 kobolds
  6 rats
52 creatures vanquished.

Table legend: (Time is in decaauts)
 A = Elapsed time spent in this place.
 B = Non-inter-level travel time spent in this place.
 C = Inter-level travel time spent in this place.
 D = Time resting spent in this place.
 E = Time spent auto-exploring this place.
 F = Levels seen in this place.
 G = Mean time per level.
                   A        B        C        D        E       F      G
               +--------+--------+--------+--------+--------+-----+--------+
         Total |   1291 |   1273 |     18 |      0 |    933 |   2 |  645.5 |
       Dungeon |   1291 |   1273 |     18 |      0 |    933 |   2 |  645.5 |
               +--------+--------+--------+--------+--------+-----+--------+

Top non-repeatable levels by time:
     D:1: 784 daAuts
     D:2: 507 daAuts

Table legend:
 A = Non-vault XP
 B = Vault XP
 C = Vault XP percentage of total XP
 D = Non-vault monster count
 E = Vault monster count
 F = Vault count percentage of total count
                 A         B        C        D         E       F
            +---------+---------+-------+---------+---------+-------
      Total |     125 |      33 |  20.9 |      51 |       1 |   1.9
            +---------+---------+-------+---------+---------+-------
        D:1 |      55 |       0 |   0.0 |      33 |       0 |   0.0
        D:2 |      70 |      33 |  32.0 |      18 |       1 |   5.3
            +---------+---------+-------+---------+---------+-------
